 Dungeon Crawl Stone Soup version 0.31.0 (webtiles) character file.

Game seed: 1624926481887071044

65 hito the Chopper (level 4, -2/31 (37) HPs)
             Began as a Hill Orc Reaver on Jan 20, 2024.
             Frozen to death by an endoplasm (3 damage)
             ... on level 2 of the Dungeon.
             The game lasted 00:03:07 (1121 turns).

hito the Chopper (Hill Orc Reaver)                  Turns: 1121, Time: 00:03:09

HP:   -2/31 (37)    AC:  3    Str: 16    XL:     4   Next: 14%
MP:   6/7           EV: 11    Int: 13    God:
Gold: 114           SH:  0    Dex:  9    Spells: 4/7 levels left

rFire   . . .        a - +0 hand axe
rCold   . . .        (no shield)
rNeg    . . .        h - +0 leather armour
rPois   .            (no helmet)
rElec   .            (no cloak)
rCorr   .            (no gloves)
SInv    .            (no boots)
Will    +....        (no amulet)
Stlth   +            (no ring)
HPRegen 0.25/turn    (no ring)
MPRegen 0.10/turn

%: no passive effects
@: enlightened, flying, hasted, heavily drained, very quick
A: no striking features
a: no special abilities


You were on level 2 of the Dungeon.
You visited 1 branch of the dungeon, and saw 2 of its levels.

You collected 114 gold pieces.

Inventory:

Hand Weapons
 a - a +0 hand axe (weapon)
 g - a +1 dagger of venom
Armour
 e - a +0 ring mail
 h - a +0 leather armour (worn)
Scrolls
 c - 2 scrolls of identify {unknown}
 f - a scroll of brand weapon {unknown}


   Skills:
 - Level 2.4 Fighting
 + Level 5.4 Axes
 - Level 1.5 Dodging
 - Level 2.2 Spellcasting
 + Level 3.3 Conjurations


You had 4 spell levels left.
You knew the following spells:

 Your Spells              Type           Power      Damage    Failure   Level
a - Kiss of Death         Conj/Necr      20%        2d7       16%         1
b - Momentum Strike       Conj/Tloc      10%        3d8       22%         2

Your spell library contained the following spells:

 Spells                   Type           Power      Damage    Failure   Level
 Hailstorm                Conj/Ice       5%         3d5       41%         3
 Summon Ice Beast         Ice/Summ       1%         N/A       67%         3
 Summon Mana Viper        Hex/Summ       1%         N/A       100%        5
 Monstrous Menagerie      Summ           0%         N/A       100%        7


Dungeon Overview and Level Annotations

Branches:
Dungeon (2/15)

Altars:
Elyvilon


Message History

You closely miss the goblin.
The goblin hits you with a +1 dagger of protection.
* * * LOW HITPOINT WARNING * * *
Casting: Kiss of Death (safe; 16% risk of failure)
Confirm with . or Enter, or press ? or * to list all spells.
Aiming: Kiss of Death (safe; 16% risk of failure)
Press: ? - help, Shift-Dir - straight line, f - goblin
Aim: a goblin, wielding a +1 dagger of protection (100% to hit)
You miscast Kiss of Death.
You are very lightly contaminated with residual magic.
Nothing appears to happen.
The goblin barely misses you.
Unknown command.
You hit the goblin but do no damage. The goblin closely misses you.
You barely miss the goblin.
The goblin hits you with a +1 dagger of protection.
* * * LOW HITPOINT WARNING * * *
You barely miss the goblin. You barely miss the endoplasm.
The endoplasm hits you.
* * * LOW HITPOINT WARNING * * *
The goblin completely misses you.
You completely miss the endoplasm. You hit the goblin but do no damage.
The endoplasm hits you but does no damage.
The goblin hits you but does no damage.
It was a potion of enlightenment.
You feel very buoyant.
You fly up into the air.
The endoplasm hits you.
* * * LOW HITPOINT WARNING * * *
The goblin completely misses you. The endoplasm barely misses you.
It was a potion of curing.
You feel better. The endoplasm barely misses you. The endoplasm hits you.
* * * LOW HITPOINT WARNING * * *
The goblin barely misses you.
Your magical contamination has completely faded away.
It was a potion of haste.
You feel yourself speed up. The endoplasm freezes you.
You are frozen.
* * * LOW HITPOINT WARNING * * *
The endoplasm freezes you.
You are frozen.
You die...

.
.............#
.............#
.............#
.............#
...........#
###
#.....<...#
..#
#..gJJ....#
#.##
#...@.....#
#..##
#)?.......#
.#...
#>........#
..##
##.......##
...#
##..†...##
...# #..######
...# ##.##
..## #†.# ...#
#.##


You could see 2 endoplasms and a goblin.

Vanquished Creatures
  An adder (D:2)
  A dart slug (D:1)
  2 ribbon worms (D:2)
  4 ball pythons (D:1)
  4 endoplasms (D:1)
  2 giant cockroaches (D:1)
  5 goblins
  A hobgoblin (D:1)
  7 jackals
  2 kobolds (D:1)
  2 quokkas
  7 bats
  4 frilled lizards (D:1)
  5 rats
47 creatures vanquished.

Notes
Turn   | Place    | Note
-------+----------+-------------------------------------------
     0 | D:1      | hito the Hill Orc Reaver began the quest for the Orb.
     0 | D:1      | Reached XP level 1. HP: 18/18 MP: 3/3
    92 | D:1      | Reached XP level 2. HP: 21/25 MP: 4/4
   243 | D:1      | Reached XP level 3. HP: 29/30 MP: 6/6
   372 | D:1      | Learned a level 2 spell: Momentum Strike
   534 | D:1      | Found a faded altar of an unknown god.
   557 | D:1      | Reached skill level 5 in Axes
   941 | D:2      | Reached XP level 4. HP: 18/31 MP: 3/7
  1056 | D:2      | Found a white marble altar of Elyvilon.
  1119 | D:2      | HP: 1/31 [endoplasm (2)]
  1121 | D:2      | Frozen to death by an endoplasm

Illustrated notes

Levels and vault maps discovered:
D:1:      heliophobic_arrival_enchanted_forest, layout_rooms,
          hellmonk_ecumenical_altar_inner_sanctum
D:2:      layout_rooms, basic_altar, minmay_statues_item

Skill      XL: |  1  2  3 |
---------------+----------+-----
Spellcasting   | 2 |  2.2
Axes           | 5 |  5.4
Fighting       | |  2.4
Dodging        | |  1.5
Conjurations   | |  3.3

Action                     |  1- 3 |  4- 6 || total
---------------------------+-------+-------++-------
  Melee: Hand axe          |   131 |    17 ||   148
         Punch             |     1 |       ||     1
   Cast: Momentum Strike   |     3 |       ||     3
         Kiss of Death     |     2 |       ||     2
    Use: Potion            |       |     3 ||     3
 Armour: Leather armour    |    78 |    19 ||    97
  Dodge: Dodged            |    84 |    14 ||    98
